 Dungeon Crawl Stone Soup version 0.26-a0-1053-gaff5f71418 (webtiles) character file.

Game seed: 2018557200250100057

35 Dracia the Sneak (level 3, 0/19 HPs)
             Began as a Kobold Enchanter on Dec 12, 2020.
             Slain by an adder (2 damage)
             ... on level 2 of the Dungeon.
             The game lasted 00:01:50 (929 turns).

Dracia the Sneak (Kobold Enchanter)                  Turns: 929, Time: 00:01:51

Health: 0/19       AC:  3    Str:  5    XL:     3   Next: 55%
Magic:  6/6        EV: 14    Int: 16    God:
Gold:   70         SH:  0    Dex: 16    Spells: 5/6 levels left

rFire    . . .     SeeInvis .   a - +1 dagger
rCold    . . .     Faith    .   (shield restricted)
rNeg     . . .     Spirit   .   i - +0 leather armour
rPois    .         Reflect  .   (no helmet)
rElec    .         Harm     .   (no cloak)
rCorr    .         Rampage  .   (no gloves)
Will     .....                  (no boots)
Stlth    ++++......             (no amulet)
HPRegen  0.06/turn              (no ring)
MPRegen  0.10/turn              (no ring)

@: no status effects
A: small, nightstalker 3
a: no special abilities


You were on level 2 of the Dungeon.
You visited 1 branch of the dungeon, and saw 2 of its levels.

You collected 70 gold pieces.


Innate Abilities, Weirdness & Mutations

You are small and have problems with some larger weapons.
You are completely attuned to the shadows.


   Skills:
 + Level 3.1 Short Blades
 - Level 2.4 Dodging
 + Level 5.1 Stealth
 - Level 2.1 Spellcasting
 - Level 3.0 Hexes


You had 5 spell levels left.
You knew the following spells:

 Your Spells              Type           Power        Failure   Level
z - Corona                Hex            ##.....      10%         1

Your spell library contained the following spells:

 Spells                   Type           Power        Failure   Level
 Ensorcelled Hibernation  Hex/Ice        #.....       28%         2
 Confusing Touch          Hex            ##......     30%         3
 Tukima's Dance           Hex            ##......     30%         3
 Dazzling Flash           Conj/Hex       #.....       50%         3

Inventory:

Hand Weapons
 a - a +1 dagger (weapon)
Missiles
 e - a throwing net {=f=f}
Armour
 b - a +0 robe
 i - a +0 leather armour (worn)
Scrolls
 c - a scroll of fear {unknown}
 f - a scroll of enchant weapon {unknown}
 h - a scroll of magic mapping {unknown}
 j - a scroll of identify {unknown}
 k - a scroll of remove curse {unknown}
 l - a scroll of teleportation {unknown}
Potions
 g - a potion of experience {unknown}

Dungeon Overview and Level Annotations

Branches:
Dungeon (2/15)

Altars:

#....#.###
#.#..#.# #
#.#....# #
#.#.###### #.
#.#....... #.
#.########
##.## #.#
##...## #.#
#..S@.######.#
.............#
###.##########
##


You could see an adder.


Message History

The adder is heavily wounded.
The adder stops glowing.
The adder misses you.
You hit the adder but do no damage.
The adder is heavily wounded.
The adder bites you.
* * * LOW HITPOINT WARNING * * *
You miss the adder.
The adder is heavily wounded.
The adder barely misses you.
You barely miss the adder.
The adder is heavily wounded.
The adder bites you.
* * * LOW HITPOINT WARNING * * *
You hit the adder but do no damage.
The adder is heavily wounded.
The adder closely misses you.
You miss the adder.
The adder is heavily wounded.
The adder misses you.
You completely miss the adder.
The adder is heavily wounded.
The adder closely misses you. x2
Unknown command.
You hit the adder.
The adder is severely wounded.
The adder closely misses you.
Your leather armour prevents you from hitting the adder.
The adder is severely wounded.
The adder bites you.
You die...

Skill      XL: |  1  2  3 |
---------------+----------+-----
Short Blades   | 2 3 |  3.1
Stealth        | 5 |  5.1
Dodging        | |  2.4
Spellcasting   | |  2.1
Hexes          | |  3.0

Action                   || total
-------------------------++-------
Melee: Dagger            ||    75
 Cast: Corona            ||     2
  Use: Potion            ||     1
 Stab: Sleeping          ||    17
Armor: Robe              ||     5
       Leather armour    ||     2
Dodge: Dodged            ||    47

Levels and vault maps discovered:
D:1:      giann_bridges, layout_rooms, minmay_quantized
D:2:      cheibrodos_pilgrimage, layout_loops_corners, minmay_worlds_worst_comb

Notes
Turn   | Place    | Note
-------+----------+-------------------------------------------
     0 | D:1      | Dracia the Kobold Enchanter began the quest for the Orb.
     0 | D:1      | Reached XP level 1. HP: 10/10 MP: 3/3
    52 | D:1      | Reached skill level 2 in Short Blades
    57 | D:1      | Reached XP level 2. HP: 3/15 MP: 5/5
   646 | D:1      | Reached XP level 3. HP: 19/19 MP: 6/6
   878 | D:2      | Reached skill level 3 in Short Blades
   878 | D:2      | Reached skill level 5 in Stealth
   924 | D:2      | HP: 1/19 [adder (1)]
   929 | D:2      | Slain by an adder

Vanquished Creatures
  An adder (D:2)
  A leopard gecko (D:1)
  6 bats (D:1)
  A hobgoblin (D:1)
  2 jackals (D:2)
  6 kobolds
  7 frilled lizards
  2 goblins
26 creatures vanquished.

Table legend: (Time is in decaauts)
 A = Elapsed time spent in this place.
 B = Non-inter-level travel time spent in this place.
 C = Inter-level travel time spent in this place.
 D = Time resting spent in this place.
 E = Time spent auto-exploring this place.
 F = Levels seen in this place.
 G = Mean time per level.
                   A        B        C        D        E       F      G
               +--------+--------+--------+--------+--------+-----+--------+
         Total |    919 |    880 |     39 |    221 |    479 |   2 |  459.5 |
       Dungeon |    919 |    880 |     39 |    221 |    479 |   2 |  459.5 |
               +--------+--------+--------+--------+--------+-----+--------+

Top non-repeatable levels by time:
     D:1: 752 daAuts
     D:2: 167 daAuts

Table legend:
 A = Non-vault XP
 B = Vault XP
 C = Vault XP percentage of total XP
 D = Non-vault monster count
 E = Vault monster count
 F = Vault count percentage of total count
                 A         B        C        D         E       F
            +---------+---------+-------+---------+---------+-------
      Total |      48 |       3 |   5.9 |      24 |       2 |   7.7
            +---------+---------+-------+---------+---------+-------
        D:1 |      26 |       3 |  10.3 |      18 |       2 |  10.0
        D:2 |      22 |       0 |   0.0 |       6 |       0 |   0.0
            +---------+---------+-------+---------+---------+-------
